 Dungeon Crawl Stone Soup version 0.29.1-1-gd02db6906a (webtiles) character file.

Game seed: 6064715561538806296

62 corgi the Ducker (level 4, -4/52 HPs)
             Began as a Merfolk Gladiator on Oct 8, 2022.
             Was a Follower of Wu Jian.
             Killed from afar by Robin (10 damage)
             ... with a puff of flame
             ... on level 3 of the Dungeon.
             The game lasted 00:05:24 (1815 turns).

corgi the Ducker (Merfolk Gladiator)                Turns: 1815, Time: 00:05:25

Health: -4/52      AC:  5    Str: 14    XL:     4   Next: 8%
Magic:  4/4        EV: 14    Int:  7    God:    Wu Jian [*.....]
Gold:   122        SH:  0    Dex: 17    Spells: 3/3 levels left

rFire   . . .      SeeInvis .   a - +0 long sword
rCold   . . .      Faith    .   (no shield)
rNeg    . . .      Spirit   .   b - +0 leather armour
rPois   .          Reflect  .   c - +0 helmet
rElec   .          Harm     .   n - +0 cloak
rCorr   .          Rampage  .   (no gloves)
Will    .....                   (no boots)
Stlth   ..........              (no amulet)
HPRegen 0.17/turn               (no ring)
MPRegen 0.09/turn               (no ring)

@: berserking (expiring), very quick
A: (nimble swimmer 2), mertail
a: Renounce Religion


You were on level 3 of the Dungeon.
You worshipped Wu Jian.
Wu Jian was aware of your devotion.
You visited 1 branch of the dungeon, and saw 3 of its levels.

You collected 122 gold pieces.

Inventory:

Hand Weapons
 a - a +0 long sword (weapon)
Missiles
 d - 4 throwing nets (quivered)
 e - a javelin
Armour
 b - a +0 leather armour (worn)
 c - a +0 helmet (worn)
 n - a +0 cloak (worn)
Scrolls
 g - a scroll of enchant weapon {unknown}
 i - a scroll of teleportation {unknown}
 j - 2 scrolls of identify
 l - 2 scrolls of butterflies {unknown}
Potions
 h - 3 potions of mutation {unknown}
 k - a potion of berserk rage
 m - a potion of heal wounds {unknown}
 o - a potion of curing {unknown}


   Skills:
 + Level 3.0 Fighting
 + Level 4.3 Long Blades
 - Level 2.0 Throwing
 + Level 4.7 Dodging
 + Level 1.8 Stealth


You had 3 spell levels left.
You didn't know any spells.
Your spell library contained the following spells:

 Spells                   Type           Power      Damage    Failure   Level
 Magic Dart               Conj           0%         1d3       52%         1
 Call Imp                 Summ           0%         N/A       65%         2
 Mephitic Cloud           Conj/Pois/Air  0%         N/A       87%         3
 Cause Fear               Hex            0%         N/A       99%         4
 Dragon Form              Tmut           0%         N/A       100%        7
 Dragon's Call            Summ           0%         N/A       100%        9


Dungeon Overview and Level Annotations

Branches:
Dungeon (3/15)

Altars:
Wu Jian

Annotations:
D:3 Robin


Innate Abilities, Weirdness & Mutations

((You are very nimble when in or above water. (Stealth+, EV+, Speed+++)))
Your lower body shifts to a powerful aquatic tail in water.


Message History

The goblin hits you with a +0 dagger.
You completely miss the goblin.
The goblin is severely wounded.
The goblin barely misses you. The goblin hits you with a +0 club.
* * * LOW HITPOINT WARNING * * *
A red film seems to cover your vision as you go berserk!
You feel yourself moving faster!
You feel mighty!
The goblin no longer looks unusually strong.
Robin roars a battlecry!
The goblins go into a battle-frenzy!
The goblin hits you but does no damage. The goblin closely misses you.
You barely miss the goblin.
The goblin is severely wounded.
Robin barely misses you. The goblin barely misses you.
The goblin hits you with a +0 dagger.
* * * LOW HITPOINT WARNING * * *
You closely miss the goblin.
The goblin is severely wounded.
The goblin hits you with a +0 club.
* * * LOW HITPOINT WARNING * * *
The goblin hits you but does no damage.
You slash the goblin!
You kill the goblin!
The Council accepts your kill. The goblin hits you with a +0 dagger.
* * * LOW HITPOINT WARNING * * *
Robin hits you but does no damage.
You slice the goblin!!
You kill the goblin!
The Council accepts your kill. Robin misses you.
You miss the goblin. You slash the goblin!
You kill the goblin!
The Council accepts your kill.
Robin hits you from afar with a +0 trident.
* * * LOW HITPOINT WARNING * * *
Robin flexes a bicep menacingly.
Robin zaps a wand.
The puff of flame hits you!
You die...

########### ###
##########.@.).........#####
..........g##########......#
...........# #......#
...........##########......#
#.......)).........>#......#
..######.#....###.......####
##)#....###...........
#..'....+.........####
#..#....###.#.#...#


You could see Robin.

Vanquished Creatures
  An adder (D:2)
  A worm (D:2)
  A dart slug (D:1)
  A bat (D:2)
  4 endoplasms
  16 goblins
  3 hobgoblins
  2 quokkas
  6 ball pythons
  3 frilled lizards (D:1)
  3 kobolds
  3 rats
44 creatures vanquished.

Notes
Turn   | Place    | Note
-------+----------+-------------------------------------------
     0 | D:1      | corgi the Merfolk Gladiator began the quest for the Orb.
     0 | D:1      | Reached XP level 1. HP: 16/16 MP: 1/1
   101 | D:1      | Reached XP level 2. HP: 12/23 MP: 2/2
   426 | D:1      | Found a faded altar of an unknown god.
   437 | D:1      | Reached skill level 1 in Stealth
   447 | D:1      | Prayed at the altar of an unknown god.
   447 | D:1      | Became a worshipper of the Wu Jian Council
   447 | D:1      | Reached * piety under Wu Jian
   889 | D:2      | Reached XP level 3. HP: 23/28 MP: 3/3
  1776 | D:3      | Noticed Robin
  1801 | D:3      | Reached XP level 4. HP: 11/35 MP: 4/4
  1815 | D:3      | Killed from afar by Robin

Illustrated notes

Levels and vault maps discovered:
D:1:      wander_arrival_desolate, layout_basic,
          shapermc_ecumenical_altar_pompeii, kennysheep_crisscross
D:2:      layout_loops_ring, minmay_misc_feat_tower
D:3:      layout_basic, uniq_robin

Skill      XL: |  1  2  3 |
---------------+----------+-----
Stealth        | 1 |  1.8
Long Blades    | 4 |  4.3
Fighting       | 3 |  3.0
Throwing       | |  2.0
Dodging        | |  4.7

Action                   |  1- 3 |  4- 6 || total
-------------------------+-------+-------++-------
Melee: Long sword        |   100 |    13 ||   113
       Punch             |     1 |       ||     1
Invok: Lunge             |     6 |       ||     6
       Whirlwind         |     3 |       ||     3
  Use: Potion            |     1 |     1 ||     2
       Scroll            |     1 |       ||     1
 Stab: Sleeping          |     2 |       ||     2
Armor: Leather armour    |    31 |     5 ||    36
Dodge: Dodged            |    58 |    14 ||    72
